 Dungeon Crawl Stone Soup version 0.22.1-1-ga44c0e56f4 (webtiles) character file.

593 Jynx the Changer (level 7, -3/64 HPs)
             Began as an Octopode Transmuter on Oct 30, 2018.
             Slain by a centaur (5 damage)
             ... on level 5 of the Dungeon.
             The game lasted 00:14:19 (6123 turns).

Jynx the Changer (Octopode Transmuter)              Turns: 6123, Time: 00:14:19

Health: -3/64      AC: 23    Str:  9    XL:     7   Next: 39%
Magic:  11/13      EV:  2    Int: 16    God:
Gold:   147        SH:  0    Dex: 14    Spells: 3/14 levels left

rFire    . . .     SeeInvis .     - Unarmed
rCold    . . .     Gourm    .   (no shield)
rNeg     + + +     Faith    .   (helmet currently unavailable)
rPois    +         Spirit   .   (no amulet)
rElec    .         Reflect  .   d - ring of poison resistance
rCorr    .         Harm     .   (no ring)
MR       .....     NoTele   +   (no ring)
Stlth    +.........             (no ring)
HPRegen  0.20/turn              (no ring)
MPRegen  0.13/turn              (no ring)
                                (no ring)
                                (no ring)

@: tree-form
A: almost no armour, stealthy swim, (amphibious), 8 rings, (constrict 8)
a: no special abilities


You were on level 5 of the Dungeon.
You were not hungry.
You were a tree.
You visited 1 branch of the dungeon, and saw 5 of its levels.

You collected 147 gold pieces.

Inventory:

Missiles
 a - 65 arrows
Jewellery
 d - a ring of poison resistance (left branch)
 t - an uncursed amulet of guardian spirit
Scrolls
 b - 2 scrolls of remove curse
 e - a scroll of noise {unknown}
 g - a scroll of fog {unknown}
 i - 3 scrolls of fear {unknown}
 k - 3 scrolls of blinking {unknown}
 m - a scroll of enchant armour {unknown}
 p - a scroll of immolation {unknown}
 r - a scroll of random uselessness {unknown}
Potions
 j - a potion of haste {unknown}
 l - 2 potions of heal wounds {unknown}
 n - a potion of invisibility {unknown}
 o - 2 potions of curing {unknown}
 q - a potion of lignification
 s - a potion of flight {unknown}
Comestibles
 c - 4 rations
 f - 7 chunks of flesh


   Skills:
 - Level 1.0 Fighting
 + Level 4.2 Dodging
 - Level 3.0 Unarmed Combat
 + Level 4.0 Spellcasting
 * Level 5.8 Transmutations


You had 3 spell levels left.
You knew the following spells:

 Your Spells              Type           Power        Failure   Level  Hunger
a - Beastly Appendage     Tmut           ###...       1%          1    None
b - Sticks to Snakes      Tmut           ###.....     2%          2    ##.....
c - Spider Form           Tmut/Pois      ##........   16%         3    ###....
d - Blade Hands           Tmut           ###.......   41%         5    ######.

Your spell library contained the following spells:

 Spells                   Type           Power        Failure   Level  Hunger
 Ice Form                 Ice/Tmut       ##......     45%         4    ####...


Dungeon Overview and Level Annotations

Branches:
Dungeon (5/15)
 Temple: D:4-7

Altars:
Fedhas
Kikubaaqudgha
Makhleb
Qazlal
Sif Muna
Xom
Beogh

Shops:
D:5 :

Annotations:
D:3 2 transporters, Freyura's ghost, amateur DsGl


Innate Abilities, Weirdness & Mutations

You cannot wear most types of armour.
You are very stealthy in the water. (Stealth+)
((You are amphibious.))
You can wear up to eight rings at the same time.
((You can use your tentacles to constrict eight enemies at once.))
((Your skin changes colour to match your surroundings (Stealth+).))
((Your rubbery body absorbs attacks. (AC +1, EV +1)))


Message History

The worker ant bites you!
* * * LOW HITPOINT WARNING * * *
Your transformation has ended.
You turn into a tree.
Your roots penetrate the ground.
The centaur unwields an uncursed shortbow.
The centaur hits you but does no damage.
The worker ant bites you but does no damage.
The centaur hits you but does no damage.
You smack the worker ant!
The worker ant is severely wounded.
The centaur barely misses you.
The worker ant bites you but does no damage.
You hit the worker ant.
You kill the worker ant!
Your Spellcasting skill increases to level 4!
The centaur hits you but does no damage. x2
You hit the centaur but do no damage.
The centaur is almost dead.
The centaur hits you.
You die...

.....)## ##.#.## #....#
####..### ## .......<# ...
######### ... ...# #[## ..#
##.#####..#####+#####...#
.........#......♣.(.....#
.#.######.....(..c......#
..............#%##.......∩.
##....##..#####.##..###.###
####....## #....## # ##...#
#....# #..#.# #.####
#..##.# #.# #..# #.# .#


You could see a centaur.

Vanquished Creatures
  2 hounds (D:4)
  2 orc priests (D:4)
  A centaur skeleton (D:4)
  An iguana (D:4)
  5 orc wizards
  2 worker ants
  8 adders
  2 oozes
  3 worms
  3 dart slugs
  3 leopard geckos
  19 orcs
  5 giant cockroaches
  5 goblins
  9 hobgoblins
  21 jackals
  11 kobolds
  4 quokkas
  6 bats
  6 frilled lizards
  A quokka skeleton (D:4)
  11 rats
130 creatures vanquished.

Notes
Turn   | Place    | Note
-------+----------+-------------------------------------------
     0 | D:1      | Jynx the Octopode Transmuter began the quest for the Orb.
     0 | D:1      | Reached XP level 1. HP: 13/13 MP: 3/3
   121 | D:1      | Reached XP level 2. HP: 12/18 MP: 3/5
   489 | D:1      | Learned a level 2 spell: Sticks to Snakes
   664 | D:1      | Reached XP level 3. HP: 19/23 MP: 6/6
   986 | D:1      | Learned a level 3 spell: Spider Form
  1030 | D:2      | Found a faded altar of an unknown god.
  1087 | D:2      | Reached skill level 3 in Transmutations
  1089 | D:2      | Found a burning altar of Makhleb.
  1321 | D:2      | Reached XP level 4. HP: 25/28 MP: 5/7
  1374 | D:2      | Found a shimmering altar of Xom.
  2291 | D:3      | Reached XP level 5. HP: 29/33 MP: 9/9
  2322 | D:3      | Noticed a black bear
  2327 | D:3      | Found a transporter.
  2338 | D:3      | Found a transporter.
  2351 | D:3      | Found a stormy altar of Qazlal.
  2554 | D:3      | Reached skill level 4 in Transmutations
  3545 | D:3      | Reached XP level 6. HP: 38/38 MP: 8/10
  3584 | D:3      | Learned a level 5 spell: Blade Hands
  3779 | D:4      | Found a runed gate.
  3780 | D:4      | Found a runed gate.
  3781 | D:4      | Found a runed gate.
  3781 | D:4      | Noticed Freyura's ghost (amateur DsGl)
  3911 | D:4      | Found a blossoming altar of Fedhas.
  3913 | D:4      | Found an ancient bone altar of Kikubaaqudgha.
  4214 | D:4      | Reached skill level 5 in Transmutations
  4517 | D:4      | Reached XP level 7. HP: 27/43 MP: 12/12
  4754 | D:4      | Found a deep blue altar of Sif Muna.
  5007 | D:4      | Found a roughly hewn altar of Beogh.
  6046 | D:5      | Entered Level 5 of the Dungeon
  6110 | D:5      | Found Qour's Book Shoppe.
  6119 | D:5      | HP: 1/43 [worker ant (7)]
  6123 | D:5      | Slain by a centaur

Skill      XL: |  1  2  3  4  5  6  7 |
---------------+----------------------+-----
Transmutations | 3 4 5 |  5.8
Dodging        | 3 4 |  4.2
Spellcasting   | 3 4 |  4.0
Fighting       | |  1.0
Unarmed Combat | |  3.0

Action                   |  1- 3 |  4- 6 |  7- 9 || total
-------------------------+-------+-------+-------++-------
Melee: Unarmed           |    88 |   223 |    53 ||   364
       Constrict         |    23 |    60 |     7 ||    90
       Kick              |    19 |    61 |     5 ||    85
       Tentacles         |    11 |    42 |     5 ||    58
       Punch             |     1 |     3 |       ||     4
 Cast: Beastly Appendage |    16 |    47 |     6 ||    69
       Sticks to Snakes  |       |     5 |       ||     5
       Spider Form       |       |       |     5 ||     5
  Use: Scroll            |     3 |     3 |       ||     6
       Potion            |       |       |     1 ||     1
 Stab: Sleeping          |     5 |     7 |       ||    12
  Eat: Chunk             |     2 |    10 |     6 ||    18
Armor: Skin              |    12 |    12 |     7 ||    31
Dodge: Dodged            |    54 |   128 |    44 ||   226
